 Dungeon Crawl Stone Soup version 0.29.1-15-g9cfb28693d (webtiles) character file.

Game seed: 1189444574679702084

86 H0rd4k the Charlatan (level 4, -2/30 HPs)
             Began as an Octopode Artificer on Mar 15, 2023.
             Killed from afar by an orc wizard (9 damage)
             ... with a magic dart
             ... on level 3 of the Dungeon.
             The game lasted 00:01:39 (2783 turns).

H0rd4k the Charlatan (Octopode Artificer)           Turns: 2783, Time: 00:01:39

Health: -2/30      AC:  1    Str: 11    XL:     4   Next: 50%
Magic:  7/7        EV: 13    Int: 15    God:
Gold:   209        SH:  0    Dex: 12    Spells: 7/7 levels left

rFire   . . .      SeeInvis .     - Unarmed
rCold   . . .      Faith    .   (no shield)
rNeg    . . .      Spirit   .   (helmet restricted)
rPois   .          Reflect  .   (no amulet)
rElec   .          Harm     .   (no ring)
rCorr   .          Rampage  .   (no ring)
Will    .....                   (no ring)
Stlth   +++.......              (no ring)
HPRegen 0.10/turn               (no ring)
MPRegen 0.10/turn               (no ring)
                                (no ring)
                                (no ring)

@: no status effects
A: almost no armour, amphibious, 8 rings, camouflage 1, gelatinous body 1,
(nimble swimmer 1), tentacles
a: no special abilities


You were on level 3 of the Dungeon.
You visited 1 branch of the dungeon, and saw 3 of its levels.

You collected 209 gold pieces.

Inventory:

Magical Staves
 a - a staff of earth
 p - a staff of fire
Jewellery
 q - a ring of fire
Wands
 b - a wand of flame (15) (quivered)
 c - a wand of charming (8)
 d - a wand of iceblast (5)
Scrolls
 f - a scroll of brand weapon {unknown}
 h - a scroll of enchant weapon {unknown}
 i - a scroll of fog {unknown}
 j - 2 scrolls of identify {unknown}
 k - 2 scrolls of enchant armour {unknown}
 l - a scroll of teleportation {unknown}
 m - a scroll of amnesia {unknown}
Potions
 e - a potion of lignification {unknown}
 g - a potion of mutation {unknown}
 n - a potion of curing {unknown}
 o - a potion of invisibility {unknown}
 r - a potion of haste {unknown}


   Skills:
 * Level 2.5 Fighting
 - Level 2.3 Dodging
 - Level 1.3 Stealth
 + Level 1.8 Unarmed Combat
 * Level 2.0 Spellcasting
 - Level 3.2 Evocations


You had 7 spell levels left.
You didn't know any spells.
Your spell library contained the following spells:

 Spells                   Type           Power      Damage    Failure   Level
 Call Canine Familiar     Summ           1%         N/A       54%         3
 Portal Projectile        Hex/Tloc       2%         N/A       54%         3
 Leda's Liquefaction      Hex/Erth       0%         N/A       91%         4


Dungeon Overview and Level Annotations

Branches:
Dungeon (3/15)

Altars:


Innate Abilities, Weirdness & Mutations

You cannot wear most types of armour.
You are amphibious.
You can wear up to eight rings at the same time.
Your skin changes colour to match your surroundings (Stealth+).
Your rubbery body absorbs attacks. (AC +1, EV +1)
((You are camouflaged when in or above water. (Stealth+)))
You have tentacles for arms and can constrict up to eight enemies at once.


Message History

Press: ? - help, Shift-Dir - straight line, f - orc wizard, p - orc
Aim: an orc wizard, wielding a +0 dagger and wearing a +0 robe (chance to affect: 57%) Nothing appears to happen.
Unknown command.
Aiming: Charm
Press: ? - help, Shift-Dir - straight line, p - orc wizard Nothing appears to happen.
Something hits you.
* * * LOW HITPOINT WARNING * * *
Unknown command.
The orc wizard casts a spell at you.
The magic dart hits something but does no damage.
The orc attacks as you move away! The orc hits you with a +0 hand axe.
* * * LOW HITPOINT WARNING * * *
Something hits you.
* * * LOW HITPOINT WARNING * * *
Aiming: Charm
Press: ? - help, Shift-Dir - straight line, f - orc
Aim: an orc, wielding a +0 hand axe (chance to affect: 73%)
The orc is charmed.
Something hits your orc. The adder bites your orc.
Unknown command.
What are your orders? t - Shout!
Orders for allies: a - Attack new target. p - Attack previous target. r - Retreat! s - Stop attacking. g - Guard the area. f - Follow me.
Anything else - Cancel.
Guard this area!
The adder bites your orc.
Your orc is poisoned.
The adder poisons your orc!
Your orc misses the adder.
Your orc closely misses something.
Something barely misses your orc. The adder closely misses your orc.
The orc wizard gestures wildly while chanting.
The orc wizard flickers and vanishes!
Something barely misses your orc.
Your orc barely misses the adder.
Your orc hits something with a +0 hand axe.
The adder bites your orc.
Your orc dies!
A magic dart appears from out of thin air!
The magic dart hits you!
You die...

##### #...#
##<.##########
###....>....#.#####
#....######.......#
#....# #.......###
#....# ##.@........
#....#
###..........#
##...#
#...#.######..
#...###.###)#
#.........S{###
##.##....B{...#..
#.####...........
#. #............ #.
#............


You could see an adder.

Vanquished Creatures
  3 adders (D:2)
  A gnoll (D:1)
  An ufetubus (D:3)
  A worm (D:2)
  A dart slug (D:1)
  An orc (D:2)
  3 endoplasms (D:1)
  2 giant cockroaches
  3 hobgoblins
  6 kobolds (D:2)
  2 quokkas (D:1)
  2 ball pythons
  4 bats
  2 frilled lizards
  6 goblins
  5 rats
43 creatures vanquished.

Vanquished Creatures (collateral kills)
  A hobgoblin (D:1)
  A kobold (D:1)
2 creatures vanquished.

Vanquished Creatures (others)
  An orc (D:3)
1 creature vanquished.

Grand Total: 46 creatures vanquished

Notes
Turn   | Place    | Note
-------+----------+-------------------------------------------
     0 | D:1      | H0rd4k the Octopode Artificer began the quest for the Orb.
     0 | D:1      | Reached XP level 1. HP: 13/13 MP: 1/1
   389 | D:1      | Reached XP level 2. HP: 11/18 MP: 1/3
   391 | D:1      | Reached skill level 1 in Spellcasting
   894 | D:1      | Reached XP level 3. HP: 12/24 MP: 5/5
  1036 | D:1      | Found a faded altar of an unknown god.
  1532 | D:2      | Reached skill level 1 in Unarmed Combat
  2107 | D:2      | Reached XP level 4. HP: 17/30 MP: 6/6
  2783 | D:3      | Killed from afar by an orc wizard

Illustrated notes

Levels and vault maps discovered:
D:1:      mushboom_english_gardens, layout_rooms, ebering_ecumenical_altar_hall
D:2:      layout_basic
D:3:      layout_rooms, nzn_wu_jian_council_hall, minivault_25,
          serial_bayou_ford_a, minmay_misc_feat_tower, grunt_decor_arrowhead,
          uniq_crazy_yiuf_cottage, uniq_ijyb

Skill      XL: |  1  2  3  4 |
---------------+-------------+-----
Spellcasting   | 1 2 |  2.0
Fighting       | 2 |  2.5
Unarmed Combat | 1 |  1.8
Dodging        | |  2.3
Stealth        | |  1.3
Evocations     | |  3.2

Action                   |  1- 3 |  4- 6 || total
-------------------------+-------+-------++-------
Melee: Unarmed           |    94 |    20 ||   114
       Constrict         |    24 |     5 ||    29
       Tentacles         |    25 |     6 ||    31
       Punch             |     1 |       ||     1
Evoke: Wand              |     2 |     5 ||     7
 Stab: Sleeping          |     7 |     3 ||    10
Armor: Skin              |     8 |     6 ||    14
Dodge: Dodged            |    67 |    10 ||    77
